 Dungeon Crawl Stone Soup version 0.22-a0-825-ga28c36f (webtiles) character file.

129757 sking99 the Brawler (level 16, -36/181 HPs)
             Began as a Troll Monk on July 24, 2018.
             Was a High Priest of Okawaru.
             Killed from afar by a nagaraja (57 damage)
             ... with a bolt of poison
             ... on level 2 of the Snake Pit.
             The game lasted 00:56:53 (28177 turns).

sking99 the Brawler (Troll Monk)                   Turns: 28177, Time: 00:56:55

Health: -36/181    AC: 20    Str: 25    XL:     16   Next: 51%
Magic:  18/18      EV:  9    Int: 11    God:    Okawaru [*****.]
Gold:   2067       SH: 13    Dex: 14    Spells: 9/15 levels left

rFire    . . .     SeeInvis .     - Unarmed
rCold    + + .     Gourm    +   Y - +0 shield
rNeg     . . .     Faith    .   o - +1 ice dragon scales
rPois    x         Spirit   .   (helmet restricted)
rElec    .         Reflect  +   t - +2 cloak
rCorr    .         Harm     .   (gloves unavailable)
MR       +....                  (boots unavailable)
Stlth    ..........             L - +5 amulet of reflection
HPRegen  0.80/turn              I - ring of protection from fire
MPRegen  0.16/turn              u - +2 ring of dexterity

@: lethally poisoned (-36 -> -45), poison vulnerable, constricted, studying
Dodging
A: large, unfitting armour, claws 3, fast metabolism 3, gourmand, regeneration
1, robust 1, shaggy fur 1, strong 1, tough skin 2
a: Heroism, Finesse, Renounce Religion


You were on level 2 of the Snake Pit.
You worshipped Okawaru.
Okawaru was extremely pleased with you.
You were not hungry.

You visited 5 branches of the dungeon, and saw 26 of its levels.
You also visited: Volcano.

You collected 2354 gold pieces.
You spent 287 gold pieces at shops.

Inventory:

Armour
 o - +1 ice dragon scales (worn)
 t - a +2 cloak (worn)
 R - the +2 hat of the Doldrums {+Inv rElec rF-}
   (Okawaru gifted it to you on level 1 of the Orcish Mines)

   It makes you vulnerable to fire.
   It insulates you from electricity.
   It lets you turn invisible.
 X - a scarf of spirit shield
 Y - a +0 shield (worn)
Magical Staves
 U - an uncursed staff of earth
Jewellery
 e - an uncursed ring of flight
 u - a +2 ring of dexterity (right claw)
 I - a ring of protection from fire (left claw)
 L - a +5 amulet of reflection (around neck)
 M - an uncursed ring of protection from cold
 Q - the ring "Leoq" {*Slow rElec rPois rN+ Str+4}
   (You found it on level 13 of the Dungeon)

   [ring of strength]

   It affects your strength (+4).
   It insulates you from electricity.
   It protects you from poison.
   It protects you from negative energy.
   It may slow you when you take damage.
Wands
 n - a wand of polymorph (43)
 r - a wand of iceblast (39)
 v - a wand of disintegration (15)
 x - a wand of digging (15)
 A - a wand of paralysis (9)
 H - a wand of acid (9)
Scrolls
 g - 8 scrolls of immolation
 h - 6 scrolls of teleportation
 i - a scroll of blinking
 j - 15 scrolls of remove curse
 m - 5 scrolls of enchant weapon
 q - 4 scrolls of fog
 w - a scroll of silence
 y - 3 scrolls of magic mapping
 D - 5 scrolls of enchant armour
 G - 3 scrolls of amnesia
 K - 5 scrolls of fear
 N - a scroll of summoning
 O - 2 scrolls of vulnerability
 V - a scroll of identify
 W - a scroll of acquirement
Potions
 a - 6 potions of might
 c - 3 potions of magic
 d - 5 potions of degeneration
 f - 3 potions of lignification
 k - 8 potions of resistance
 l - 2 potions of ambrosia
 p - 3 potions of invisibility
 s - 4 potions of haste
 z - 2 potions of heal wounds
 B - a potion of curing
 E - a potion of cancellation
 F - 4 potions of brilliance
 J - a potion of agility
 T - 2 potions of flight
Books
 P - a manual of Dodging
Comestibles
 b - 50 rations


   Skills:
 - Level 12.0 Fighting
 - Level 9.2 Armour
 + Level 11.9 Dodging
 - Level 1.0 Stealth
 + Level 1.7 Shields
 - Level 20.0 Unarmed Combat
 - Level 5.0 Invocations


You had 9 spell levels left.
You knew the following spells:

 Your Spells              Type           Power        Failure   Level  Hunger
a - Statue Form           Tmut/Erth      #........    100%        6    #######

Your spell library contained the following spells:

 Spells                   Type           Power        Failure   Level  Hunger
 Cause Fear               Hex            #.........   100%        4    #####..
 Magic Dart               Conj           #...         99%         1    ##.....
 Apportation              Tloc           #.....       99%         1    ##.....
 Slow                     Hex            #.......     99%         2    ###....
 Confuse                  Hex            #.......     100%        3    ####...
 Invisibility             Hex            #.......     100%        6    #######
 Iskenderun's Mystic Bla  Conj           #.......     100%        4    #####..
 Tukima's Dance           Hex            #.......     100%        3    ####...
 Stone Arrow              Conj/Erth      #.....       100%        3    ####...
 Spider Form              Tmut/Pois      #.........   100%        3    ####...
 Blade Hands              Tmut           #.........   100%        5    ######.
 Ice Form                 Ice/Tmut       #.......     100%        4    #####..
 Dragon Form              Tmut           #.........   100%        7    #######
 Deflect Missiles         Chrm/Air       #.........   100%        6    #######
 Confusing Touch          Hex            #.....       99%         1    ##.....
 Passwall                 Tmut/Erth      #.......     99%         2    ###....
 Sticks to Snakes         Tmut           #.......     99%         2    ###....
 Metabolic Englaciation   Hex/Ice        #.........   100%        5    ######.
 Summon Butterflies       Summ           #.......     99%         1    ##.....
 Silence                  Hex/Air        #.........   100%        5    ######.
 Corona                   Hex            #......      99%         1    ##.....
 Alistair's Intoxication  Tmut/Pois      #.......     100%        5    ######.
 Lee's Rapid Deconstruct  Erth           #.........   100%        5    ######.
 Sandblast                Erth           #.....       99%         1    ##.....
 Conjure Ball Lightning   Conj/Air       #.........   100%        6    #######
 Portal Projectile        Hex/Tloc       #.....       100%        3    ####...
 Petrify                  Tmut/Erth      #.......     100%        4    #####..
 Tornado                  Air            #.........   100%        9    #######
 Leda's Liquefaction      Hex/Erth       #.........   100%        4    #####..
 Inner Flame              Hex/Fire       #.......     100%        3    ####...
 Beastly Appendage        Tmut           #.....       99%         1    ##.....
 Fulminant Prism          Conj/Hex       #.........   100%        4    #####..
 Dazzling Spray           Conj/Hex       #.....       100%        3    ####...
 Force Lance              Conj/Tloc      #.......     100%        4    #####..
 Searing Ray              Conj           #.....       99%         2    ###....
 Summon Lightning Spire   Summ/Air       #.......     100%        4    #####..
 Hydra Form               Tmut           #.........   100%        6    #######
 Irradiate                Conj/Tmut      #.........   100%        5    ######.
 Gell's Gravitas          Tloc           #.........   100%        3    ####...
 Yara's Violent Unravell  Hex/Tmut       #.........   100%        5    ######.
 Lesser Beckoning         Tloc           #.........   100%        3    ####...


Dungeon Overview and Level Annotations

Branches:
Dungeon (15/15)            Temple (1/1) D:5            Lair (6/6) D:11
 Shoals (0/4) Lair:4        Snake (2/4) Lair:4        Slime (0/5) Lair:5
    Orc (2/2) D:10            Elf (0/3) Orc:2        Vaults (0/5) D:14
 Depths (0/5) D:15

Altars:
Ashenzari
Cheibriados
Dithmenos
Elyvilon
Fedhas
Gozag
Hepliaklqana
Kikubaaqudgha
Makhleb
Nemelex Xobeh
Okawaru
Qazlal
Ru
Sif Muna
Trog
Uskayaw
Vehumet
Wu Jian
Xom
Yredelemnul
Zin
The Shining One
Beogh
Jiyva

Shops:
D:12 =   D:15 *   Orc:1 !   Orc:2 *}%((:

Annotations:
Lair:1 exclusion: oklob plant


Innate Abilities, Weirdness & Mutations

You are too large for most types of armour.
You have claws for hands.
Your metabolism is lightning-fast.
You like to eat raw meat.
Your natural rate of healing is unusually fast.
You are covered in fur. (AC +1)
You have very tough skin. (AC +2)
You are robust. (+10% HP)
Your muscles are strong. (Str +2)


Message History

You feel very sick.
* * * LOW HITPOINT WARNING * * *
You are more poisoned.
The nagaraja hits you with a spear.
* * * LOW HITPOINT WARNING * * *
The nagaraja constricts you.
You closely miss the nagaraja.
The nagaraja is lightly wounded.
* * * LOW HITPOINT WARNING * * *
You feel sick. The nagaraja spits poison at you.
The splash of poison reflects off an invisible shield around you!
The splash of poison misses the nagaraja.
* * * LOW HITPOINT WARNING * * *
The nagaraja constricts you.
You feel better.
The nagaraja gestures at you while chanting.
The bolt of poison hits you!
You are poisoned.
You die...

#...#..........<.$..
#..###.........)....
#..# #....>........
##..####...##........
#....#.....†.........
###..##..............
#.....##...........
#.#N.####.....N....
##@#..# #..#......#
#.##.# ...##.#..##
#.# #.....# ......
### #.##.. .#.... ##


You could see a nagaraja.

Vanquished Creatures
  Frances (D:14)
  Agnes (D:14)
  2 entropy weavers (Lair:6)
  Josephine (D:13)
  2 ogre magi
  Fannar (D:12)
  Erolcha (D:11)
  4 naga warriors
  4 hydras
  3 catoblepae (Lair:6)
  4 anacondas
  3 centaur warriors (D:13)
  15 death yaks
  13 two-headed ogres
  A queen ant (Lair:6)
  A vampire mage (D:15)
  Urug (Lair:2)
  3 orc high priests (Orc:2)
  2 shock serpents (Snake:1)
  2 iron trolls (D:13)
  2 salamander mystics (Snake:2)
  3 skeletal warriors
  3 sea snakes (Snake:1)
  5 unseen horrors
  3 naga ritualists (Snake:1)
  A deep troll (D:13)
  A lindwurm (Lair:4)
  A golden dragon skeleton (D:15)
  6 orc knights
  A necromancer (D:15)
  2 deep elf magi (D:15)
  5 mana vipers
  9 ugly things
  5 manticores
  3 cyclopes
  6 orc sorcerers
  6 salamanders
  9 elephants
  3 orange demons (D:12)
  26 black mambas
  A guardian serpent (Snake:2)
  6 naga magi
  15 spiny frogs
  4 rime drakes
  A kobold demonologist (D:12)
  3 komodo dragons
  5 yaktaurs (D:14)
  An elf skeleton (D:15)
  2 freezing wraiths (D:14)
  4 red devils (D:12)
  A polar bear (Lair:2)
  Grinder (D:5)
  15 trolls
  A deep troll zombie (D:15)
  2 hornets (D:13)
  17 blink frogs
  11 slime creatures
  A snapping turtle (Lair:4)
  5 hippogriffs
  4 dream sheep (Lair:6)
  A fire dragon zombie (D:15)
  A shadow (D:11)
  2 vampires
  42 yaks
  3 wraiths (D:13)
  A fire bat (Volcano)
  3 water elementals (D:13)
  A hungry ghost (D:12)
  10 soldier ants
  3 wargs (Orc:1)
  3 hell hounds (Volcano)
  An acid dragon (D:14)
  12 nagas
  11 porcupines
  7 water moccasins
  An eye of draining (D:13)
  2 black bears
  5 ice beasts
  19 orc warriors
  2 sky beasts
  2 phantoms
  5 centaurs
  13 ogres
  8 crocodiles
  11 bullfrogs
  5 big kobolds
  A wyvern zombie (D:13)
  A water moccasin zombie (D:6)
  5 scorpions
  2 wyvern skeletons (D:14)
  4 killer bees (D:10)
  8 wights
  6 howler monkeys
  9 electric eels
  10 crimson imps
  2 bullfrog zombies
  9 jellies
  3 centaur zombies
  Crazy Yiuf (D:5)
  22 orc priests
  3 hounds
  5 centaur skeletons
  Jessica (D:2)
  Ijyb (D:5)
  An iguana (D:9)
  32 orc wizards
  A hell rat (D:10)
  25 worker ants
  A hound zombie (D:7)
  4 hound skeletons
  12 adders
  12 gnolls
  4 shadow imps
  5 oozes (D:11)
  An adder skeleton (D:4)
  6 worms
  5 dart slugs
  7 leopard geckos
  91 orcs
  5 giant cockroaches
  12 goblins
  9 hobgoblins
  18 jackals
  41 kobolds
  5 quokkas
  7 bats
  8 frilled lizards
  2 giant cockroach zombies
  2 quokka skeletons
  6 rats
  A fungus (Lair:1)
855 creatures vanquished.

Vanquished Creatures (others)
  A two-headed ogre (Volcano)
  6 fungi
  12 plants
19 creatures vanquished.

Grand Total: 874 creatures vanquished

Notes
Turn   | Place    | Note
-------+----------+-------------------------------------------
     0 | D:1      | sking99 the Troll Monk began the quest for the Orb.
     0 | D:1      | Reached XP level 1. HP: 22/22 MP: 0/0
   111 | D:1      | Reached XP level 2. HP: 29/29 MP: 1/1
   743 | D:2      | Reached XP level 3. HP: 36/36 MP: 2/2
   952 | D:2      | Reached skill level 4 in Unarmed Combat
  1117 | D:2      | Reached XP level 4. HP: 40/44 MP: 3/3
  1124 | D:2      | Noticed Jessica
  1154 | D:2      | Killed Jessica
  1212 | D:2      | Found a glowing golden altar of the Shining One.
  1372 | D:2      | Reached XP level 5. HP: 30/53 MP: 4/4
  1921 | D:3      | Reached skill level 5 in Unarmed Combat
  2014 | D:3      | Reached XP level 6. HP: 38/61 MP: 5/5
  3072 | D:4      | Found a white marble altar of Elyvilon.
  3132 | D:4      | Got a blackened buckler
  3619 | D:5      | Entered Level 5 of the Dungeon
  3638 | D:5      | Noticed Grinder
  3655 | D:5      | Paralysed by Grinder for 7 turns
  3675 | D:5      | Killed Grinder
  3675 | D:5      | Reached skill level 6 in Unarmed Combat
  3675 | D:5      | Reached XP level 7. HP: 13/70 MP: 6/6
  3810 | D:5      | Noticed Ijyb
  3815 | D:5      | Killed Ijyb
  4434 | D:5      | Reached skill level 7 in Unarmed Combat
  4496 | D:5      | Found a runed door.
  4668 | D:5      | Found a staircase to the Ecumenical Temple.
  4925 | Temple   | Entered the Ecumenical Temple
  5038 | Temple   | Became a worshipper of Warmaster Okawaru
  5038 | Temple   | Reached * piety under Okawaru
  5038 | Temple   | Reached ** piety under Okawaru
  5144 | D:5      | Noticed Crazy Yiuf
  5150 | D:5      | Killed Crazy Yiuf
  5391 | D:6      | Reached XP level 8. HP: 71/79 MP: 7/7
  5685 | D:6      | Reached skill level 8 in Unarmed Combat
  5722 | D:6      | Reached skill level 5 in Fighting
  5722 | D:6      | Reached skill level 5 in Dodging
  6223 | D:6      | Reached *** piety under Okawaru
  6533 | D:7      | Reached XP level 9. HP: 57/88 MP: 8/8
  6627 | D:7      | Reached skill level 9 in Unarmed Combat
  7000 | D:8      | Noticed a two-headed ogre
  7011 | D:8      | Killed a two-headed ogre
  7011 | D:8      | Reached **** piety under Okawaru
  7129 | D:8      | Reached skill level 10 in Unarmed Combat
  7237 | D:8      | Found a shadowy altar of Dithmenos.
  7546 | D:8      | Found a deep blue altar of Sif Muna.
  7915 | D:9      | Reached ***** piety under Okawaru
  7944 | D:9      | Noticed a troll
  7956 | D:9      | Killed a troll
  8684 | D:10     | Entered Level 10 of the Dungeon
  8685 | D:10     | Reached XP level 10. HP: 100/100 MP: 9/9
  8710 | D:10     | Found a staircase to the Orcish Mines.
  8810 | D:10     | Reached skill level 1 in Invocations
  8929 | D:10     | Reached skill level 11 in Unarmed Combat
  9599 | D:10     | HP: 1/102 [something (10)]
  9612 | D:10     | Killed an unseen horror
  9612 | D:10     | Received a gift from Okawaru
  9617 | D:10     | Killed an unseen horror
  9939 | D:10     | Found a roughly hewn altar of Beogh.
  9947 | D:10     | Reached skill level 12 in Unarmed Combat
 10037 | D:11     | Found a staircase to the Lair.
 10037 | D:11     | Noticed a death yak
 10037 | D:11     | Noticed a red ugly thing
 10038 | D:11     | Noticed a death yak
 10041 | D:11     | Noticed a death yak
 10047 | D:10     | Killed a death yak
 10223 | D:10     | Reached XP level 11. HP: 50/109 MP: 11/13
 10349 | D:11     | Noticed a four-headed hydra
 10430 | D:10     | Killed a death yak
 10630 | D:11     | Killed a death yak
 10866 | D:11     | Noticed a two-headed ogre
 10877 | D:11     | Killed a two-headed ogre
 10882 | D:11     | Noticed a two-headed ogre
 10889 | D:11     | Killed a two-headed ogre
 10906 | D:11     | Killed an unseen horror
 10906 | D:11     | Reached skill level 5 in Invocations
 11010 | D:11     | Reached skill level 13 in Unarmed Combat
 11095 | D:11     | Killed an eight-headed hydra
 11095 | D:11     | Received a gift from Okawaru
 11110 | D:11     | Got a faintly glowing robe {god gift}
 11111 | D:11     | Identified the +0 robe "Lumnynof" {rF++ Stlth+} (Okawaru gifted it to you on level 11 of the Dungeon)
 11134 | D:11     | Noticed Erolcha
 11143 | D:11     | Killed Erolcha
 11428 | D:11     | Killed a red ugly thing
 11431 | Lair:1   | Entered Level 1 of the Lair of Beasts
 11653 | Lair:1   | Noticed an oklob plant
 11686 | Lair:1   | Reached skill level 14 in Unarmed Combat
 11770 | Lair:1   | Reached XP level 12. HP: 60/122 MP: 14/14
 12542 | Lair:2   | Received a gift from Okawaru
 12749 | Lair:2   | Reached skill level 1 in Armour
 13074 | Lair:2   | Reached skill level 15 in Unarmed Combat
 13285 | Lair:2   | Noticed Urug
 13301 | Lair:2   | Killed Urug
 14499 | Lair:3   | Received a gift from Okawaru
 14499 | Lair:3   | Reached skill level 10 in Fighting
 14502 | Lair:3   | Got a dull robe {god gift}
 14543 | Lair:3   | Noticed a seven-headed hydra
 14556 | Lair:3   | Killed a 13-headed hydra
 14556 | Lair:3   | Reached XP level 13. HP: 91/133 MP: 13/15
 14719 | Lair:4   | Found a dark tunnel.
 14830 | Volcano  | Entered a volcano
 15202 | Lair:4   | Reached skill level 16 in Unarmed Combat
 15257 | Lair:4   | Found a staircase to the Snake Pit.
 15744 | Lair:4   | Found a staircase to the Shoals.
 16132 | Lair:5   | Reached skill level 5 in Armour
 16313 | Lair:5   | You fall through a shaft!
 16313 | Lair:6   | Entered Level 6 of the Lair of Beasts
 16313 | Lair:6   | Noticed an entropy weaver
 16314 | Lair:6   | Noticed an entropy weaver
 16339 | Lair:6   | Killed an entropy weaver
 16356 | Lair:6   | Killed an entropy weaver
 16376 | Lair:6   | Received a gift from Okawaru
 16403 | Lair:6   | Reached skill level 17 in Unarmed Combat
 16437 | Lair:6   | Identified the +1 robe of Courage {rC+ Slay+2} (Okawaru gifted it to you on level 3 of the Lair of Beasts)
 16445 | Lair:6   | Got a smoking robe {god gift}
 16451 | Lair:6   | Identified the +1 robe of Puytuj {rCorr Str-2 Int+4 Dex+2} (Okawaru gifted it to you on level 6 of the Lair of Beasts)
 17364 | Lair:6   | Reached XP level 14. HP: 115/143 MP: 8/16
 17783 | Lair:5   | Found a viscous altar of Jiyva.
 17783 | Lair:5   | Found a staircase to the Slime Pits.
 17857 | Lair:5   | Received a gift from Okawaru
 17865 | Lair:5   | Reached skill level 18 in Unarmed Combat
 18437 | D:12     | Found Reoppus's Jewellery Boutique.
 18444 | D:12     | Noticed Fannar
 18455 | D:12     | Killed Fannar
 19486 | Orc:1    | Entered Level 1 of the Orcish Mines
 19854 | Orc:1    | Received a gift from Okawaru
 19857 | Orc:1    | Got a distressingly furry hat {god gift}
 19858 | Orc:1    | Identified the +2 hat of the Doldrums {+Inv rElec rF-} (Okawaru gifted it to you on level 1 of the Orcish Mines)
 20054 | Orc:1    | Found Saff's Distillery.
 20168 | Orc:2    | Entered Level 2 of the Orcish Mines
 20190 | Orc:2    | Found Doorymn's Book Shop.
 20341 | Orc:2    | Found Utinn's General Store.
 20355 | Orc:2    | Found a staircase to the Elven Halls.
 20494 | Orc:2    | Reached skill level 19 in Unarmed Combat
 20511 | Orc:2    | Gained mutation: Scrolls take you a little longer to read. [a neqoxec]
 20623 | Orc:1    | Lost mutation: Scrolls take you a little longer to read. [potion of mutation]
 20623 | Orc:1    | Gained mutation: You are robust. (+10% HP) [potion of mutation]
 20623 | Orc:1    | Gained mutation: Your muscles are strong. (Str +2) [potion of mutation]
 20876 | Orc:2    | Reached XP level 15. HP: 88/163 MP: 15/17
 20879 | Orc:2    | Found Qimae's Gadget Boutique.
 20879 | Orc:2    | Found Fapna's Weapon Emporium.
 20881 | Orc:2    | Paralysed by an orc sorcerer for 2 turns
 20885 | Orc:2    | Found Seabbiap's Food Boutique.
 20885 | Orc:2    | Found Daqarenete's Weapon Emporium.
 21648 | D:13     | Noticed Josephine
 21657 | D:13     | Killed Josephine
 21711 | D:13     | Got a twitching pewter ring
 21959 | D:13     | Paralysed by a hornet for 1 turns
 22659 | D:14     | Noticed Frances
 22698 | D:14     | Killed Frances
 23200 | D:14     | Paralysed by an ogre mage for 5 turns
 23208 | D:14     | Reached skill level 20 in Unarmed Combat
 23375 | D:14     | Identified the ring "Leoq" {*Slow rElec rPois rN+ Str+4} (You found it on level 13 of the Dungeon)
 23429 | D:14     | Noticed Agnes
 23440 | D:14     | Killed Agnes
 23945 | D:14     | Found a gate to the Vaults.
 24015 | D:15     | Entered Level 15 of the Dungeon
 24147 | D:15     | Received a gift from Okawaru
 24151 | D:15     | Found a staircase to the Depths.
 24324 | D:15     | Reached skill level 10 in Dodging
 24621 | D:15     | Found Syilio's Assorted Antiques.
 24631 | D:15     | Bought a potion of heal wounds for 205 gold pieces
 24631 | D:15     | Bought a scroll of identify for 82 gold pieces
 24632 | D:15     | Identified a scroll of acquirement
 25167 | Snake:1  | Entered Level 1 of the Snake Pit
 25335 | D:15     | Learned a level 6 spell: Statue Form
 25691 | Snake:1  | Reached XP level 16. HP: 136/177 MP: 18/18
 25894 | Snake:1  | Received a gift from Okawaru
 25953 | Snake:1  | HP: 8/178 [poisoned by a naga ritualist (toxic radiance)]
 25958 | Snake:1  | HP: 7/178 [poisoned by a naga ritualist (toxic radiance)]
 25963 | Snake:1  | HP: 6/178 [poisoned by a naga ritualist (toxic radiance)]
 25969 | Snake:1  | HP: 8/178 [poisoned by a naga ritualist (toxic radiance)]
 28135 | Snake:2  | Reached skill level 1 in Shields
 28170 | Snake:2  | Received a gift from Okawaru
 28177 | Snake:2  | Killed from afar by a nagaraja

Vault maps used:
D:1:      minmay_arrival_loop, minmay_lizard_king
D:2:      nicolae_tso_carved_into_rock, uniq_jessica
D:3:      first_ration
D:4:      elyvilon_altar_4
D:5:      corexii_shantytown, minmay_temple_entry_grid, grunt_ministairs_11,
          uniq_crazy_yiuf_cottage, uniq_ijyb, uniq_grinder
D:7:      minivault_11
D:8:      lemuel_doored_altar, kennysheep_mini
D:10:     orc_0_dummy, special_room
D:11:     dpeg_lair_monsters, hangedman_little_slice_of_home, uniq_erolcha
D:12:     serial_shops, nicolae_shop_stone, nicolae_water_bricks,
          minmay_beelzebubs_servants, uniq_fannar
D:13:     lemuel_troll_bridge, uniq_josephine
D:14:     hangedman_vaults_entry_quadrant_bands, minivault_23, uniq_agnes,
          uniq_frances
D:15:     gammafunk_depths_entry_grave, serial_shops, shop_statue,
          nicolae_twisting_strands
Temple:   hc_temple_tempest_star
Lair:1:   patterned_corridor, grunt_megastairs_3, lemuel_fruit_tree,
          minmay_lair_oklob_chamber, lemuel_fruit_fields
Lair:2:   serial_bayou_lake_a, serial_bayou_shore_b, uniq_urug
Lair:3:   serial_bayou_lagoon_b
Lair:4:   minmay_shoals_entry_hut, guppyfry_snake_entry_garden,
          nicolae_volcano_entry_vermiform
Lair:5:   slime_altar_1
Lair:6:   evilmike_catoblepas_cave, minmay_another_anthill
Snake:1:  guppyfry_snake_island
Orc:1:    serial_shops, shop
Orc:2:    grunt_orc_tribal_feast, serial_shops, shop, shop
Volcano:  volcano_village

Skill      XL: |  1  2  3  4  5  6  7  8  9 10 11 12 13 14 15 16 |
---------------+-------------------------------------------------+-----
Unarmed Combat | 4 5 6 7 8 10 12 14 15 17 19 20 | 20.0
Fighting       | 3 4 5 6 7 8 10 12 | 12.0
Dodging        | 3 4 5 6 10 11 | 11.9
Invocations    | 4 5 |  5.0
Armour         | 3 6 8 9 |  9.2
Shields        | 1 |  1.7
Stealth        | |  1.0

Action                   |  1- 3 |  4- 6 |  7- 9 | 10-12 | 13-15 | 16-18 || total
-------------------------+-------+-------+-------+-------+-------+-------++-------
Melee: Unarmed           |    74 |   202 |   405 |   541 |  1204 |   266 ||  2692
       Punch             |       |     5 |    18 |    43 |   129 |    17 ||   212
Invok: Heroism           |       |       |     4 |    14 |    37 |     4 ||    59
       Finesse           |       |       |       |     4 |    14 |       ||    18
Evoke: Wand              |       |       |       |     1 |     2 |       ||     3
  Use: Scroll            |       |    10 |     6 |    13 |    12 |     5 ||    46
       Potion            |       |       |       |     3 |     2 |     4 ||     9
 Stab: Sleeping          |     2 |     5 |     9 |     2 |       |       ||    18
       Distracted        |       |       |     1 |     2 |       |       ||     3
  Eat: Chunk             |    16 |    15 |    54 |    53 |    90 |     4 ||   232
       Ration            |       |       |       |       |       |     6 ||     6
Armor: Robe              |    20 |    52 |    99 |    75 |       |       ||   246
       Skin              |       |       |       |    24 |       |       ||    24
       Ice dragon scales |       |       |       |    78 |   372 |    93 ||   543
Dodge: Dodged            |    36 |    96 |   204 |   213 |   409 |   131 ||  1089
Block: Other             |       |       |       |    71 |   161 |    34 ||   266
       Reflection        |       |       |       |     2 |     3 |     7 ||    12
       Shield            |       |       |       |       |       |    35 ||    35

Table legend:
 A = Spawn XP
 B = Non-spawn XP
 C = Spawn XP percentage of total XP
 D = Spawn monster count
 E = Non-spawn monster count
 F = Spawn count percentage of total count
 G = Total turns spent on level
                    A         B        C        D         E        F      G
               +---------+---------+-------+---------+---------+-------+---------
         Total |       0 |  185368 |   0.0 |       0 |     855 |   0.0 | 28177
               +---------+---------+-------+---------+---------+-------+---------
           D:1 |       0 |      40 |   0.0 |       0 |      22 |   0.0 |   738
           D:2 |       0 |     204 |   0.0 |       0 |      27 |   0.0 |  1079
           D:3 |       0 |     247 |   0.0 |       0 |      35 |   0.0 |   978
           D:4 |       0 |      80 |   0.0 |       0 |       6 |   0.0 |   824
           D:5 |       0 |     842 |   0.0 |       0 |      55 |   0.0 |  1479
           D:6 |       0 |    1068 |   0.0 |       0 |      36 |   0.0 |  1157
           D:7 |       0 |     752 |   0.0 |       0 |      20 |   0.0 |   573
           D:8 |       0 |    1254 |   0.0 |       0 |      14 |   0.0 |   640
           D:9 |       0 |    1015 |   0.0 |       0 |      20 |   0.0 |  1085
          D:10 |       0 |    6625 |   0.0 |       0 |      59 |   0.0 |  2044
          D:11 |       0 |    7228 |   0.0 |       0 |      36 |   0.0 |   913
          D:12 |       0 |   12078 |   0.0 |       0 |      53 |   0.0 |  1189
          D:13 |       0 |   16571 |   0.0 |       0 |      64 |   0.0 |  1753
          D:14 |       0 |   16924 |   0.0 |       0 |      42 |   0.0 |  1090
          D:15 |       0 |   12539 |   0.0 |       0 |      21 |   0.0 |  1074
        Lair:1 |       0 |    4401 |   0.0 |       0 |      19 |   0.0 |  1288
        Lair:2 |       0 |    8223 |   0.0 |       0 |      25 |   0.0 |  1170
        Lair:3 |       0 |    6185 |   0.0 |       0 |      22 |   0.0 |   981
        Lair:4 |       0 |    4404 |   0.0 |       0 |      20 |   0.0 |  1290
        Lair:5 |       0 |   11412 |   0.0 |       0 |      24 |   0.0 |   824
        Lair:6 |       0 |   21060 |   0.0 |       0 |      63 |   0.0 |  1485
       Snake:1 |       0 |   20431 |   0.0 |       0 |      44 |   0.0 |  2201
       Snake:2 |       0 |   14757 |   0.0 |       0 |      26 |   0.0 |   364
         Orc:1 |       0 |    4326 |   0.0 |       0 |      40 |   0.0 |   813
         Orc:2 |       0 |    9728 |   0.0 |       0 |      53 |   0.0 |   729
       Volcano |       0 |    2974 |   0.0 |       0 |       9 |   0.0 |   285
               +---------+---------+-------+---------+---------+-------+---------
